 Dungeon Crawl Stone Soup version 0.27.1 (webtiles) character file.

Game seed: 14799547603780842198

785 nxtlvl the Skirmisher (level 7, -5/78 HPs)
             Began as an Ogre Delver on Aug 30, 2021.
             Was an Initiate of Cheibriados.
             Slain by an orc warrior (10 damage)
             ... on level 8 of the Dungeon.
             The game lasted 00:18:43 (1544 turns).

nxtlvl the Skirmisher (Ogre Delver)                 Turns: 1544, Time: 00:18:44

Health: -5/78      AC:  4    Str: 24    XL:     7   Next: 86%
Magic:  7/7        EV:  6    Int: 12    God:    Cheibriados [......]
Gold:   205        SH:  7    Dex:  9    Spells: 6/6 levels left

rFire    . . .     SeeInvis .   a - +10 morningstar of Accidental Termination {vorpal, +Rage Str+4}
rCold    . . .     Faith    .   r - +0 kite shield
rNeg     . . .     Spirit   .   c - +0 robe
rPois    .         Reflect  .   (helmet restricted)
rElec    .         Harm     .   d - +0 cloak
rCorr    .         Rampage  .   (gloves unavailable)
Will     .....                  (boots unavailable)
Stlth    ++........             (no amulet)
HPRegen  0.23/turn              (no ring)
MPRegen  0.10/turn              (no ring)

@: about to teleport, very slow
A: large, unfitting armour, tough skin 1, horns 1, clumsy 1
a: Renounce Religion, Evoke Berserk Rage, Bend Time


You were on level 8 of the Dungeon.
You worshipped Cheibriados.
Cheibriados was noncommittal.
You visited 1 branch of the dungeon, and saw 7 of its levels.
You also visited: Sewer.

You collected 205 gold pieces.

Inventory:

Hand Weapons
 a - the +10 morningstar of Accidental Termination (weapon) {vorpal, +Rage Str+4}
   (You found it on level 4 of the Dungeon)

   It inflicts extra damage upon your enemies.
   Str:       It affects your strength (+4).
   +Rage:     It lets you go berserk.
Missiles
 h - 196 stones
 m - 5 datura-tipped darts
 o - 9 boomerangs (quivered)
 p - 6 javelins
 s - 16 poisoned darts
 v - a curare-tipped dart
Armour
 c - a +0 robe (worn)
 d - a +0 cloak (worn)
 r - a +0 kite shield (worn)
Jewellery
 D - a ring of wizardry
 I - a +6 ring of dexterity
Wands
 g - a wand of digging (3)
 i - a wand of acid (13)
 j - a wand of paralysis (13)
 C - a wand of iceblast (13)
 E - a wand of flame (7)
Scrolls
 b - a scroll of fog
 e - a scroll of fear
 l - a scroll of holy word
 n - a scroll of vulnerability {unknown}
 q - a scroll of blinking {unknown}
 y - 2 scrolls of amnesia
 A - 2 scrolls of magic mapping
 B - a scroll of teleportation
 H - a scroll of noise {unknown}
Potions
 f - 2 potions of haste
 k - 2 potions of mutation
 t - a potion of invisibility
 u - a potion of might {unknown}
 w - 2 potions of heal wounds {unknown}
 x - a potion of magic {unknown}
 z - a potion of cancellation {unknown}
 F - a potion of attraction {unknown}
 G - 2 potions of experience {unknown}


   Skills:
 + Level 7.5 Fighting
 * Level 6.6 Maces & Flails
 - Level 1.7 Dodging
 - Level 3.7 Stealth


You had 6 spell levels left.
You didn't know any spells.
Your spell library contained the following spells:

 Spells                   Type           Power      Damage    Failure   Level
 Freeze                   Ice            0%         1d3       93%         1
 Frozen Ramparts          Ice            0%         1d2       100%        3
 Hailstorm                Conj/Ice       0%         3d3       100%        4


Dungeon Overview and Level Annotations

Branches:
Dungeon (8/15)              Sewer (visited)
 Temple: D:4-7         Lair: D:8-11

Altars:
Cheibriados
Uskayaw
Zin

Shops:
D:4 [[   D:7 [


Innate Abilities, Weirdness & Mutations

You are too large for most types of armour.
You have tough skin. (AC +1)
You have a pair of small horns on your head.
You are clumsy. (Dex -2)


Message History

As you read the scroll labelled EBRUPHUHIL, it crumbles to dust.
You feel strangely unstable.
It was a scroll of teleportation.
The tengu warrior barely misses you. The tengu warrior pecks you.
The tengu warrior claws you but does no damage.
Your surroundings suddenly seem different.
An orc warrior and a centaur come into view.
Found a scroll of teleportation.
Found a potion of mutation.
You see here a scroll of teleportation.
The orc warrior shouts!
You hear a shout!
You block the orc warrior's attack.
You closely miss the orc warrior. You block the orc warrior's attack.
The centaur hits you.
The centaur kicks you but does no damage.
The centaur hits you. You block the centaur's attack.
The orc warrior hits you with a +0 dire flail!
You see here a scroll of teleportation.
You barely miss the centaur. The centaur hits you.
You block the centaur's attack.
The orc warrior hits you with a +0 dire flail!!
* * * LOW HITPOINT WARNING * * *
The centaur hits you.
* * * LOW HITPOINT WARNING * * *
The centaur kicks you but does no damage.
You hear a shout!
As you read the scroll of teleportation, it crumbles to dust.
You feel strangely unstable.
You hear a shout!
The centaur hits you.
* * * LOW HITPOINT WARNING * * *
You block the centaur's attack. You block the orc warrior's attack.
The centaur wields a +0 shortbow.
The centaur shoots an arrow.
The arrow hits you.
* * * LOW HITPOINT WARNING * * *
The orc warrior hits you with a +0 dire flail.
* * * LOW HITPOINT WARNING * * *
An orc warrior comes into view. It is wielding a +0 war axe.
The centaur shoots an arrow.
You block the arrow.
The orc warrior hits you with a +0 dire flail!
You die...

##.......
##.....#
###.### ..
##?).##
....###($.Q$#
#......[...(.
##
..##.#...$.#
#.###
#..##...##
#@.####...#
##.##
##oc..Q..#
..#..
##.o...###..#
#..
###.####..#
#. ..!#..# #
.###.# c. .#
.# ..


You could see a tengu warrior, 2 orc warriors and a centaur.

Vanquished Creatures
  A necrophage (D:7)
  A phantom (D:7)
  3 kobold brigands (Sewer)
  2 scorpions
  A howler monkey (D:4)
  A hound (D:6)
  Crazy Yiuf (D:6)
  A gnoll shaman (D:8)
  A killer bee zombie (D:8)
  A howler monkey zombie (D:5)
  3 gnolls (D:8)
  5 adders
  A river rat (D:3)
  A dart slug (D:3)
  2 orcs (D:3)
  6 endoplasms
  5 giant cockroaches
  2 hobgoblins
  2 jackals (D:3)
  11 kobolds (Sewer)
  A quokka (D:3)
  2 ball pythons
  2 bats (Sewer)
  A frilled lizard (Sewer)
  3 goblins
  4 rats
64 creatures vanquished.

Vanquished Creatures (others)
  A fungus (D:6)
  2 plants (Sewer)
3 creatures vanquished.

Grand Total: 67 creatures vanquished

Notes
Turn   | Place    | Note
-------+----------+-------------------------------------------
     0 | D:5      | nxtlvl the Ogre Delver began the quest for the Orb.
     0 | D:5      | Reached XP level 1. HP: 24/24 MP: 1/1
    90 | D:5      | Noticed a scorpion
    94 | D:5      | Killed a scorpion
    95 | D:5      | Reached XP level 2. HP: 26/33 MP: 2/2
    95 | D:5      | Reached XP level 3. HP: 33/41 MP: 3/3
    95 | D:5      | Reached XP level 4. HP: 40/49 MP: 4/4
   138 | D:4      | Found Teuprosui's Antique Armour Emporium.
   183 | D:4      | Reached skill level 5 in Fighting
   183 | D:4      | Found a glowing silver altar of Zin.
   229 | D:4      | Found Julek's Antique Armour Boutique.
   274 | D:3      | Found a hide-covered altar of Uskayaw.
   523 | D:3      | Reached XP level 5. HP: 25/57 MP: 5/5
   633 | D:3      | Found a glowing drain.
   673 | Sewer    | Entered a sewer
   942 | Sewer    | Noticed a kobold brigand
   942 | Sewer    | Noticed a kobold brigand
   942 | Sewer    | Noticed a kobold brigand
   953 | Sewer    | Killed a kobold brigand
   953 | Sewer    | Killed a kobold brigand
   954 | Sewer    | Reached skill level 6 in Fighting
   954 | Sewer    | Reached skill level 5 in Maces & Flails
   954 | Sewer    | Reached XP level 6. HP: 25/67 MP: 6/6
  1041 | Sewer    | Gained mutation: You are clumsy. (Dex -2) [potion of
                  | mutation]
  1041 | Sewer    | Gained mutation: You have a pair of small horns on your
                  | head. [potion of mutation]
  1130 | D:4      | Identified the +10 morningstar of Accidental Termination
                  | {vorpal, +Rage Str+4}
  1154 | D:4      | Reached XP level 7. HP: 63/76 MP: 7/7
  1213 | D:6      | Found a snail-covered altar of Cheibriados.
  1225 | D:6      | Became a worshipper of Cheibriados the Contemplative
  1327 | D:6      | Found a runed translucent door.
  1328 | D:6      | Noticed Crazy Yiuf
  1333 | D:6      | Killed Crazy Yiuf
  1366 | D:7      | Reached skill level 7 in Fighting
  1386 | D:7      | Found Xusochaa's Antique Armour Shop.
  1529 | D:8      | Noticed a tengu warrior
  1530 | D:8      | Noticed a deep elf pyromancer
  1532 | D:8      | Noticed a slime creature
  1544 | D:8      | Slain by an orc warrior

Illustrated notes

Levels and vault maps discovered:
D:2:      layout_rooms, minmay_lizard_king
D:3:      layout_basic, mainiacjoe_overflow_cross_hatched,
          cheibrodos_sewer_entry_sluice
D:4:      layout_loops_cross, general_overflow_altar, serial_shops,
          nicolae_shop_behind_doors, kennysheep_little_box, shop_coins, shop,
          st_stairs_8
D:5:      layout_basic, bloody_trog, minmay_temple_entry_nine_rooms,
          uniq_sigmund
D:6:      layout_basic, cheibriados_altar_2, uniq_crazy_yiuf_cottage,
          uniq_blork_the_orc
D:7:      layout_gridville, fedhas_altar_decomposition,
          gammafunk_temple_overflow_forgotten, serial_shops, nicolae_shop_stone,
          nicolae_shop_trees, nicolae_shop_statue_plus, nicolae_diamond_shop,
          nicolae_lakefront_shop, kennysheep_nondescript, uniq_menkaure
D:8:      minmay_the_grid_octo_tiled_squarecenter
          [minmay_the_grid_octo_odd_swirl, minmay_the_grid_octo_fat_diamond,
          minmay_the_grid_octo_teeth, minmay_the_grid_octo_empty,
          minmay_the_grid_square_5x5_megaprize_hollow,
          minmay_the_grid_square_5x5_z, minmay_the_grid_square_5x5_tie,
          minmay_the_grid_square_5x5_fat_x,
          minmay_the_grid_square_5x5_hollow_slash], layout_loops_cross,
          nicolae_yredelemnul_ghost_church, lightli_ossuary_entry_decrepit_ruins

Skill      XL: |  1  2  3  4  5  6  7 |
---------------+----------------------+-----
Maces & Flails | 3 5 6 |  6.6
Fighting       | 5 6 7 |  7.5
Dodging        | |  1.7
Stealth        | |  3.7

Action                   |  1- 3 |  4- 6 |  7- 9 || total
-------------------------+-------+-------+-------++-------
Melee: Mace              |       |   156 |       ||   156
       Morningstar       |       |     2 |    26 ||    28
       Headbutt          |       |     2 |     7 ||     9
Throw: Stone             |       |     8 |       ||     8
       Boomerang         |       |    17 |     3 ||    20
       Dart              |       |     3 |       ||     3
Evoke: Wand              |     1 |     7 |       ||     8
  Use: Scroll            |     1 |     1 |     3 ||     5
       Potion            |       |     4 |       ||     4
 Stab: Sleeping          |       |    10 |     2 ||    12
       Paralysed         |       |     4 |       ||     4
       Invisible         |       |     2 |       ||     2
Armor: Robe              |       |    47 |     6 ||    53
Dodge: Dodged            |     1 |    80 |     4 ||    85
Block: Kite shield       |       |     1 |    14 ||    15
